 Dungeon Crawl Stone Soup version 0.20-a0-870-g4070442 (console) character file.

144 hittembot the Covered (level 5, -4/46 HPs)
             Began as a Minotaur Fighter on Mar 13, 2017.
             Slain by Sigmund
             ... wielding a +0 scythe
              (7 damage)
             ... on level 3 of the Dungeon.
             The game lasted 00:01:09 (2104 turns).

hittembot the Covered (Minotaur Fighter)            Turns: 2104, Time: 00:01:10

Health: -4/46      AC:  7    Str: 22    XL:     5   Next: 5%
Magic:  4/4        EV:  8    Int:  5    God:
Gold:   82         SH:  9    Dex:  9    Spells: 4/4 levels left

rFire    . . .     SeeInvis .   a - +0 war axe
rCold    . . .     Gourm    .   b - +0 scale mail
rNeg     . . .     Faith    .   c - +0 shield
rPois    .         Spirit   .   (helmet restricted)
rElec    .         Reflect  .   (no cloak)
rCorr    .         Harm     .   (no gloves)
MR       .....                  (no boots)
Stlth    ..........             (no amulet)
Regen    0.2/turn               (no ring)
MPRegen  0.1/turn               (no ring)

@: no status effects
A: retaliatory headbutt, horns 2
a: no special abilities


You were on level 3 of the Dungeon.
You were not hungry.

You visited 1 branch of the dungeon, and saw 3 of its levels.

You collected 82 gold pieces.

Inventory:

Hand Weapons
 a - a +0 war axe (weapon)
Armour
 b - a +0 scale mail (worn)
 c - a +0 shield (worn)
Jewellery
 q - an uncursed ring of positive energy {unknown}
Scrolls
 e - a scroll of magic mapping {unknown}
 g - a scroll of identify {unknown}
 i - a scroll of blinking {unknown}
 m - a scroll of enchant armour {unknown}
 s - 2 scrolls of remove curse {unknown}
 u - a scroll of teleportation {unknown}
Potions
 d - a potion of might
 h - 2 potions of lignification {unknown}
 j - a potion of degeneration {unknown}
 k - 3 potions of curing {unknown}
 l - a potion of heal wounds {unknown}
 p - a potion of mutation {unknown}
 r - a potion of brilliance {unknown}
Comestibles
 f - 2 bread rations
 n - 3 fruits
 o - 2 meat rations
 t - 21 chunks of flesh


   Skills:
 + Level 4.1 Fighting
 + Level 4.3 Axes
 + Level 4.7 Armour
 + Level 0.7 Dodging
 + Level 4.4 Shields


You had 4 spell levels left.
You didn't know any spells.

Dungeon Overview and Level Annotations

Branches:
Dungeon (3/15)

Altars:

Annotations:
D:3 Sigmund


Innate Abilities, Weirdness & Mutations

You reflexively headbutt those who attack you in melee.
You have a pair of horns on your head.


Message History

You barely miss the orc. You hit the orc. You closely miss something.
The orc barely misses you. The orc hits you.
Something hits you but does no damage.
You barely miss the orc.
The orc is heavily wounded.
You barely miss the orc. You miss something. You block the orc's attack. x2
Something hits you.
* * * LOW HITPOINT WARNING * * *
The orc hits you.
* * * LOW HITPOINT WARNING * * *
You hit the orc.
You kill the orc!
You hit something. You hit the orc. You block the orc's attack.
Something hits you.
* * * LOW HITPOINT WARNING * * *
The orc hits you but does no damage.
You hit the orc.
You kill the orc!
You closely miss something. Something hits you!
You die...

#.#..#######
#>.........# .#
###.##.###.## .##
#.##.## .. #..###
..##..# .##...>.#
#.####.####..#..?...
#. #....##......# #.
####...†.....#
####@.....#
#)){.>..#
...........
...##.#.#.... .....
....# #.. ...# ..###
. .## .## ##


There were no monsters in sight!

Vanquished Creatures
  An orc wizard (D:3)
  3 adders (D:2)
  2 oozes
  2 worms
  A dart slug (D:2)
  8 orcs (D:3)
  A ball python (D:2)
  10 bats
  A giant cockroach (D:3)
  6 goblins
  8 hobgoblins
  8 jackals
  A quokka (D:2)
  2 frilled lizards
  5 kobolds
  5 rats
64 creatures vanquished.

Notes
Turn   | Place    | Note
-------+----------+-------------------------------------------
     0 | D:1      | hittembot the Minotaur Fighter began the quest for the Orb.
     0 | D:1      | Reached XP level 1. HP: 19/19 MP: 0/0
   336 | D:1      | Reached XP level 2. HP: 20/27 MP: 1/1
  1136 | D:2      | Reached XP level 3. HP: 33/33 MP: 2/2
  1509 | D:2      | Reached XP level 4. HP: 40/40 MP: 3/3
  2088 | D:3      | Noticed Sigmund
  2097 | D:3      | Reached XP level 5. HP: 30/46 MP: 4/4
  2104 | D:3      | Slain by Sigmund

Vault maps used:
D:1:      lemuel_arrival_tunnels, minmay_misc_feat_tiny
D:2:      lemuel_upstairs_altar, minmay_tetromino_i4
D:3:      cheibrodos_greedy_goblins, uniq_sigmund, uniq_iyjb

Skill      XL: |  1  2  3  4 |
---------------+-------------+-----
Armour         | 4 |  4.7
Shields        | 4 |  4.4
Fighting       | 4 |  4.1
Axes           | 3 4 |  4.3
Dodging        | |  0.7

Action                   |  1- 3 |  4- 6 || total
-------------------------+-------+-------++-------
Melee: War axe           |    88 |    50 ||   138
       Headbutt          |     7 |     9 ||    16
  Eat: Chunk             |     2 |     2 ||     4
Armor: Scale mail        |    54 |    31 ||    85
Dodge: Dodged            |    39 |    19 ||    58
Block: Shield            |    49 |    25 ||    74
